montu, chaotic male human Wizard ------- |.....| |.....- |.....| ---------- |.>.... ------ .......... |.....| ##.....-###@r.k.........| |.....-## # |{...| .........a -----.- # ### |....| .......| ### #### #.....| .....| # ### |...<| ...| ### # ------ ---- # # # -.------# |......|# |......|# |.......# -------- montu the Conjurer Experience level: 4 Strength: 9 Dexterity: 10 Constitution: 14 Intelligence: 18 Wisdom: 8 Charisma: 16 Health: 0(43) Energy: 19(19) Def: 1 Gold: 834 Moves: 2008 Dungeon seed: 9UM30YwlFsFKoKdY Game ID: montu_1681425087 Your Inventory: Coins $ - 834 gold pieces Amulets r - an uncursed amulet of restful sleep Weapons a - a blessed +1 quarterstaff (weapon in hands) i - an uncursed +0 nasty elven bow k - a blessed +0 elven spear l - an uncursed +0 orcish dagger Armor e - an uncursed +0 cloak of magic resistance (being worn) n - an uncursed +0 orcish helm Scrolls m - a blessed scroll of magic mapping o - an uncursed scroll of identify s - a cursed scroll of destroy armor x - 2 cursed scrolls of identify Potions u - 2 cursed potions of booze v - a cursed potion of enlightenment w - an uncursed potion of water z - a cursed potion of see invisible Wands b - an uncursed wand of striking (0:2) t - an uncursed wand of light (0:11) A - a cursed wand of striking (0:4) Tools h - an uncursed blindfold Gems q - an uncursed worthless piece of orange glass Spells and supernatural/magical abilities: Name Level Category Cost Memory a - force bolt 1 attack 8pw 97% d - dig 2 matter 25pw 97% m - magic missile 2 attack 16pw 97% U - detect unseen 3 divination 37pw 97% W - pray for help -- divine ? -- Your skills at the end: Fighting Skills wands [Basic] Weapon Skills quarterstaff [Basic] Spellcasting Skills attack spells [Basic] enchantment spells [Basic] Final Attributes: You were piously aligned. You were magic resistant. You last prayed 245 turns ago. Anhur was noncommittal. You are dead. Vanquished creatures: a ghost 2 little dogs a kitten a giant bat an iguana 2 coyotes 2 giant rats a gecko 7 jackals a kobold 4 goblins a sewer rat 6 grid bugs a lichen 4 newts 35 creatures vanquished. Voluntary challenges: You used a wielded weapon 52 times, starting on turn 134. You read items or engraved 6 times, starting on turn 1730. You never genocided any monsters. You never polymorphed an object. You never changed form. You used no wishes. You never split a pudding. You wrote Elbereth's name 5 times, starting on turn 2001. You never violated your personal moral code. Dungeon overview: The Dungeons of Doom: levels 1 to 5 Level 1 an altar to Ptah a long staircase Level 2 a fountain, a sink a long staircase Level 3 a vault Level 4 a fountain, a sink Level 5 <- You were here a fountain History has recorded: On T:1 you entered the Dungeons of Doom to retrieve the Amulet of Yendor! On T:389 you reached level 2 of The Dungeons of Doom. On T:645 you advanced to experience level 2. On T:795 you reached level 3 of The Dungeons of Doom. On T:1076 you reached level 4 of The Dungeons of Doom. On T:1095 you advanced to experience level 3. On T:1714 you advanced to experience level 4. On T:1903 you reached level 5 of The Dungeons of Doom. Score breakdown: Gold: 834 ( 9938 points) Experience: 4 levels ( 9649 points) Exploration: 5 levels ( 10.64%) ( 8846 points) Discoveries: 0 items ( 0.00%) ( 0 points) Valuables value: (no points given unless you survive) Artifact value: 0 ( 0 points) Variety of kills: 15 monsters ( 3.95%) ( 5960 points) Turncount: 2008 turns ( -6 points) Survival: died (score multiplied by 80%) Total score: 27509 Latest messages: t - a pine wand. u - a magenta potion. v - a bubbly potion. w - a clear potion. u - a magenta potion. x - a scroll labeled READ ME. (2x) z - a ruby potion. A - a wand of striking. $ - 517 gold pieces. There are many more objects here. You write in the dust with your fingers. The rabid rat bites! The rabid rat's bite was poisoned! Something is written here in the dust. You read: "El|ere?h_lbereth". You add to the writing in the dust with your fingers. The rabid rat bites! You add to the writing in the dust with your fingers. The rabid rat bites! The rabid rat's bite was poisoned! You begin praying to Anhur. The rabid rat bites! You die... For some reason, you think that you can almost hear the Wizard laugh manically... Final status: Goodbye montu the Wizard, killed by a rabid rat, while praying... You died in The Dungeons of Doom on dungeon level 5 with 27509 points, and 834 pieces of gold, after 2008 moves. You were level 4 with a maximum of 43 hit points when you died.